cohdb
Replays
Latest Replays
All Replays
Popular Replays
Top Player Replays
Match Explorer
How It Works
Community
CoH3 Stats
Reddit
Sign in to upload your games and track your stats! →
Sign in with Steam
Match 38466551
Unlisted
Match 38466551
Overview
Messages
Build Orders
End
Construct Barracks
Selects Advanced Infantry Battlegroup
Riflemen Squad
Riflemen Squad
Riflemen Squad
Grenade Package
Infantry Support Center
Construct Weapon Support Center
Selects Convert to Ranger Squad
Convert to Ranger Squad
M1919 Machine Gun Team
Convert to Ranger Squad
Construct Tank Depot
Convert to Ranger Squad
Selects Frontline Medical Station
Frontline Medical Station
Selects Ammunition Storage
Selects Artillery Observers
Selects Ranger Weapon Training
M4A1 Sherman Medium Tank
Construct Medical Station
Advanced Logistics
Munitions Surplus
Selects M2A1 105mm Howitzer Emplacement
Improved M9 Bazooka Rockets
Artillery Observer Squad
M18 Hellcat Tank Destroyer
Demolitions Package
Selects Free Fire Drills
Engineer Squad
Survival Training
qZeto
BIOHAZARD
Qual!ty *
Dr. Tacosaurus
0
0
Comments
sign in to comment!
No comments posted yet!